[Event "FIDE Womens World Cup 2021"]
[Site "Sochi"]
[Date "2021.07.17"]
[Round "2.6"]
[White "Sebag, Marie"]
[Black "Skripchenko, Almira"]
[Result "1-0"]
[ECO "C41"]
[WhiteElo "2438"]
[BlackElo "2411"]
[Annotator "NA"]
[PlyCount "107"]
[EventDate "2021.07.12"]
[EventType "k.o."]
[EventCountry "RUS"]
[SourceTitle "playchess.com"]
[Source "ChessBase"]
[SourceQuality "1"]
[TimeControl "600+10"]

1. e4 d6 2. d4 Nf6 3. Nc3 e5 4. Nf3 Nbd7 5. Bc4 Be7 6. O-O O-O 7. a4 a6 8. a5 h6 9. h3 exd4 10. Nxd4 Ne5 11. Ba2 c5 12. Nde2 Be6 13. Nf4 Bxa2 14. Rxa2 Nc6 15. Nfd5 Re8 16. Bf4 Bf8 17. Nxf6+ Qxf6 18. Nd5 Qe6 19. Ra4 Rac8 20. c3 Ne7 21. Nb6 Rcd8 22. Qf3 Nc8 23. Nd5 Ne7 24. Nc7 Qd7 25. Nxe8 Qxa4 26. Nxd6 Qb3 27. e5 Ng6 28. Bg3 Nxe5 29. Qxb7 Qxb7 30. Nxb7 Rb8 31. Bxe5 Rxb7 32. c4 Rb4 33. Rd1 f6 34. Bc3 Rxc4 35. f3 Ra4 36. Rd8 Kf7 37. Ra8 Bd6 38. Kf2 Be5 39. Bxe5 fxe5 40. Ra7+ Kf8 41. Rxa6 Rb4 42. Rb6 Ra4 43. a6 Kf7 44. Ke3 c4 45. g4 Ra2 46. Ke4 Ra5 47. h4 Kg8 48. Kf5 Kh7 49. h5 Rc5 50. a7 Ra5 51. Rb7 Ra6 52. Kxe5 Ra4 53. Kd4 Ra6 54. Kxc4 1-0

[Event "FIDE Womens World Cup 2021"]
[Site "Sochi"]
[Date "2021.07.17"]
[Round "2.6"]
[White "Matnadze, Ana"]
[Black "Badelka, Olga"]
[Result "1/2-1/2"]
[ECO "D38"]
[WhiteElo "2421"]
[BlackElo "2418"]
[Annotator "NA"]
[PlyCount "124"]
[EventDate "2021.07.12"]
[EventType "k.o."]
[EventCountry "RUS"]
[SourceTitle "playchess.com"]
[Source "ChessBase"]
[SourceQuality "1"]
[TimeControl "600+10"]

1. d4 Nf6 2. Nf3 e6 3. c4 d5 4. Nc3 Bb4 5. g3 O-O 6. Bg2 dxc4 7. O-O Nc6 8. a3 Bxc3 9. bxc3 Rb8 10. a4 a6 11. Nd2 Na5 12. e4 Bd7 13. e5 Nd5 14. Ne4 Nb3 15. Bg5 Qe8 16. Ra2 Kh8 17. a5 f5 18. exf6 gxf6 19. Bh6 Rg8 20. Qf3 Qg6 21. Bf4 Bc6 22. Re1 Rbe8 23. h4 Qg4 24. Qxg4 Rxg4 25. Bf3 Rgg8 26. Bh6 Nxc3 27. Nxc3 Bxf3 28. Ra4 Bd5 29. Be3 Rg4 30. Rd1 Bf3 31. Rb1 Nxd4 32. Kf1 Nb3 33. Ke1 Rd8 34. Ne2 Bc6 35. Rb4 Nxa5 36. Nf4 e5 37. Ne2 b5 38. Ra1 Nb3 39. Rxa6 Rd6 40. Ra7 Nd4 41. Nxd4 exd4 42. Bh6 Re4+ 43. Kd1 Re8 44. Rxc7 d3 45. Bd2 Ra8 46. Bc3 Bf3+ 47. Kd2 Bc6 48. Rb2 Re8 49. Kc1 Kg8 50. Ra2 Re2 51. Raa7 d2+ 52. Bxd2 Rdxd2 53. Rxc6 Rd8 54. Rcc7 Rxf2 55. Rg7+ Kh8 56. Rxh7+ Kg8 57. Rhg7+ Kh8 58. Rh7+ Kg8 59. Rag7+ Kf8 60. Rf7+ Kg8 61. Rfg7+ Kf8 62. Rf7+ Kg8 1/2-1/2

[Event "FIDE Womens World Cup 2021"]
[Site "Sochi"]
[Date "2021.07.17"]
[Round "2.6"]
[White "Salimova, Nurgyul"]
[Black "Paehtz, Elisabeth"]
[Result "1/2-1/2"]
[ECO "E63"]
[WhiteElo "2395"]
[BlackElo "2466"]
[Annotator "ChessBase"]
[PlyCount "107"]
[EventDate "2021.07.12"]
[EventType "k.o."]
[EventCountry "RUS"]
[SourceTitle "playchess.com"]
[Source "ChessBase"]
[SourceQuality "1"]
[TimeControl "600+10"]

1. d4 Nf6 2. Nf3 g6 3. c4 Bg7 4. g3 O-O 5. Bg2 d6 6. O-O Nc6 7. Nc3 a6 8. b3 Rb8 9. d5 Na5 10. Bg5 c5 11. dxc6 Nxc6 12. Rc1 h6 13. Be3 e5 14. h3 Ne7 15. g4 h5 16. g5 Ne8 17. Nd5 Nxd5 18. Qxd5 Be6 19. Qd2 b5 20. Rfd1 bxc4 21. bxc4 Qc8 22. Kh2 Qc7 23. Ne1 Qc8 24. Ba7 Rb7 25. Bxb7 Qxb7 26. Qe3 f6 27. Nf3 Qc8 28. h4 fxg5 29. Nxg5 Rf4 30. Nxe6 Qxe6 31. Qh3 Qe7 32. Qe3 Rxh4+ 33. Kg2 Rg4+ 34. Kf1 Qh4 35. Ke1 Kh7 36. Qf3 Bh6 37. e3 Qe7 38. Bb6 Qe6 39. Qd5 Qf5 40. Qb7+ Bg7 41. Ke2 e4 42. Rf1 Kh6 43. Qd5 Qf3+ 44. Ke1 h4 45. Qe6 Nf6 46. Qxd6 Nh5 47. Bd4 Bf8 48. Qe5 Bb4+ 49. Bc3 Ng3 50. Qh8+ Kg5 51. Qd8+ Kh6 52. Qh8+ Kg5 53. Qd8+ Kh6 54. Qh8+ 1/2-1/2

[Event "FIDE Womens World Cup 2021"]
[Site "Sochi"]
[Date "2021.07.17"]
[Round "2.7"]
[White "Paehtz, Elisabeth"]
[Black "Salimova, Nurgyul"]
[Result "1-0"]
[ECO "A06"]
[WhiteElo "2466"]
[BlackElo "2395"]
[Annotator "ChessBase"]
[PlyCount "133"]
[EventDate "2021.07.12"]
[EventType "k.o."]
[EventCountry "RUS"]
[SourceTitle "playchess.com"]
[Source "ChessBase"]
[SourceQuality "1"]
[TimeControl "300+3"]

1. Nf3 d5 2. e3 Nf6 3. c4 e6 4. Nc3 Nbd7 5. b3 Bd6 6. g3 O-O 7. Bg2 c6 8. d4 b6 9. O-O Ba6 10. Re1 dxc4 11. bxc4 Bxc4 12. Nd2 Ba6 13. Qa4 Bb7 14. Bxc6 Bxc6 15. Qxc6 Bb4 16. Qc4 Qe7 17. Bb2 Rac8 18. Qb3 Rfd8 19. a3 Bd6 20. Nc4 Bb8 21. a4 Nd5 22. Ba3 Qg5 23. Ne4 Qg6 24. Ncd6 Bxd6 25. Nxd6 Rc3 26. Qb5 Nf8 27. e4 Nf6 28. Bb4 Rc2 29. Qd3 Rc6 30. Qe2 Ne8 31. Nb5 a6 32. d5 Rcc8 33. Nc3 a5 34. Bxf8 Kxf8 35. Nb5 Kg8 36. Rad1 h5 37. d6 Rc5 38. e5 h4 39. Qf3 hxg3 40. hxg3 f6 41. Qb7 fxe5 42. Qe7 Qf6 43. Qb7 Rc2 44. Rf1 Rb2 45. d7 Qf7 46. dxe8=Q+ Qxe8 47. Rxd8 Qxd8 48. Qc6 Qf6 49. Qe4 Rb4 50. Qe3 Rxa4 51. Qxb6 e4 52. Qe3 Rb4 53. Nd6 Qe5 54. Rd1 a4 55. Qd2 Rb2 56. Qd4 Qh5 57. Nxe4 a3 58. Rc1 Rb8 59. Qd6 Rf8 60. Qxa3 Qf5 61. Qe3 Qh3 62. Re1 Rf5 63. Ng5 Qh6 64. Qxe6+ Qxe6 65. Nxe6 g5 66. Kg2 g4 67. Nf4 1-0

[Event "FIDE Womens World Cup 2021"]
[Site "Sochi"]
[Date "2021.07.17"]
[Round "2.7"]
[White "Badelka, Olga"]
[Black "Matnadze, Ana"]
[Result "0-1"]
[ECO "D35"]
[WhiteElo "2418"]
[BlackElo "2421"]
[Annotator "NA"]
[PlyCount "85"]
[EventDate "2021.07.12"]
[EventType "k.o."]
[EventCountry "RUS"]
[SourceTitle "playchess.com"]
[Source "ChessBase"]
[SourceQuality "1"]
[TimeControl "300+3"]

1. d4 Nf6 2. c4 e6 3. Nc3 d5 4. cxd5 exd5 5. Bg5 c6 6. e3 Nbd7 7. Bd3 Be7 8. Qc2 Nf8 9. Nge2 Ne6 10. Bxf6 Bxf6 11. O-O-O b6 12. f4 Bb7 13. g4 c5 14. dxc5 bxc5 15. Bb5+ Kf8 16. g5 Be7 17. Rhf1 Qa5 18. Bd7 Nc7 19. h4 Rd8 20. Bh3 Qb4 21. a3 Qc4 22. f5 Qxh4 23. f6 Qxh3 24. fxe7+ Kxe7 25. Nf4 Qd7 26. Qf2 Rhf8 27. Nh5 Ne6 28. Nxg7 Nxg7 29. Qf6+ Ke8 30. Qxg7 Qe7 31. Kb1 Rd6 32. Nb5 Rb6 33. Nc3 Rg6 34. Qxh7 Qe5 35. Qh4 Bc6 36. e4 Rh8 37. Qg4 d4 38. Qc8+ Ke7 39. Qa6 Bxe4+ 40. Nxe4 Rxa6 41. Nf6 Re6 42. Ka2 Rh2 43. Rc1 0-1

[Event "FIDE Womens World Cup 2021"]
[Site "Sochi"]
[Date "2021.07.17"]
[Round "2.8"]
[White "Matnadze, Ana"]
[Black "Badelka, Olga"]
[Result "0-1"]
[ECO "A04"]
[WhiteElo "2421"]
[BlackElo "2418"]
[Annotator "NA"]
[PlyCount "90"]
[EventDate "2021.07.12"]
[EventType "k.o."]
[EventCountry "RUS"]
[SourceTitle "playchess.com"]
[Source "ChessBase"]
[SourceQuality "1"]
[TimeControl "300+3"]

1. Nf3 c5 2. b3 Nc6 3. e3 e5 4. Bb2 d6 5. d3 f5 6. c4 Nf6 7. Nc3 Be7 8. Be2 O-O 9. a3 h6 10. Qc2 Be6 11. Nd2 a6 12. Bf3 Bf7 13. Nd5 Nxd5 14. Bxd5 Bxd5 15. cxd5 Nb8 16. O-O Nd7 17. a4 b5 18. e4 Bg5 19. Nf3 fxe4 20. dxe4 Bf4 21. axb5 axb5 22. Qd3 Qb6 23. g3 Rxa1 24. Rxa1 Bg5 25. Nxg5 hxg5 26. Qe2 Nf6 27. h3 c4 28. bxc4 bxc4 29. Bc1 Nxe4 30. Be3 Qb5 31. Rc1 Qxd5 32. Qxc4 Qxc4 33. Rxc4 d5 34. Rc7 d4 35. Bc1 Nxf2 36. Ba3 Rf3 37. Bd6 Nd3 38. Kg2 e4 39. Rc4 Ne1+ 40. Kg1 Rd3 41. Rc7 Nf3+ 42. Kf2 Rd2+ 43. Kf1 e3 44. Rc8+ Kh7 45. Re8 Rf2# 0-1

[Event "FIDE Womens World Cup 2021"]
[Site "Sochi"]
[Date "2021.07.17"]
[Round "2.8"]
[White "Salimova, Nurgyul"]
[Black "Paehtz, Elisabeth"]
[Result "1/2-1/2"]
[ECO "E62"]
[WhiteElo "2395"]
[BlackElo "2466"]
[Annotator "ChessBase"]
[PlyCount "189"]
[EventDate "2021.07.12"]
[EventType "k.o."]
[EventCountry "RUS"]
[SourceTitle "playchess.com"]
[Source "ChessBase"]
[SourceQuality "1"]
[TimeControl "300+3"]

1. d4 Nf6 2. Nf3 g6 3. c4 Bg7 4. g3 O-O 5. Bg2 d6 6. O-O Nc6 7. Nc3 Bg4 8. Be3 Qc8 9. Re1 e5 10. dxe5 dxe5 11. Qc1 Re8 12. Ng5 Nd4 13. h3 Bd7 14. Kh2 Bf5 15. Bxd4 exd4 16. Nb5 Ne4 17. Bxe4 Bxe4 18. Qf4 Bf5 19. Qxc7 Rf8 20. Qxc8 Raxc8 21. Nd6 Rc6 22. Nxf5 gxf5 23. b3 d3 24. Rad1 Bc3 25. exd3 Bxe1 26. Rxe1 Rd6 27. Re7 Rxd3 28. Kg2 Rfd8 29. Rxb7 R8d7 30. Rb5 Rd2 31. Rxf5 Rxa2 32. Ne4 Re7 33. Nf6+ Kg7 34. Nd5 Rb7 35. b4 Rd2 36. b5 Rd4 37. Ne3 Rc7 38. c5 Kg6 39. Re5 f6 40. Rf5 Rb4 41. c6 a6 42. bxa6 Rxc6 43. Ra5 Rbb6 44. Ra4 Rxa6 45. Rg4+ Kf7 46. h4 Ra5 47. Rf4 Re5 48. Ng4 Rd5 49. Ne3 Re5 50. Rf3 h5 51. Rf4 Kg6 52. Rd4 Ree6 53. Nd5 Re5 54. Nf4+ Kf7 55. Rd7+ Re7 56. Rd5 Re5 57. Rd7+ Re7 58. Rd8 Rc5 59. Rh8 Kg7 60. Rxh5 Rxh5 61. Nxh5+ Kg6 62. Nf4+ Kh6 63. Nd5 Re6 64. Ne3 Kg6 65. g4 Ra6 66. Kg3 Ra4 67. Nf5 Ra3+ 68. f3 Ra4 69. h5+ Kf7 70. Nd6+ Ke6 71. Ne4 Kf7 72. Kf4 Ra5 73. Nd6+ Kg7 74. Nf5+ Kf7 75. h6 Kg6 76. Kg3 Rb5 77. f4 Ra5 78. Kh4 Ra4 79. Kg3 Ra5 80. Kh4 Ra4 81. Ne7+ Kxh6 82. Nd5 Kg6 83. f5+ Kg7 84. Nc7 Ra1 85. Ne6+ Kf7 86. Kg3 Ra3+ 87. Kh4 Ra1 88. Nf4 Rh1+ 89. Kg3 Rg1+ 90. Kf3 Rf1+ 91. Ke4 Re1+ 92. Kf3 Rf1+ 93. Kg3 Rg1+ 94. Kh4 Rh1+ 95. Kg3 1/2-1/2

[Event "FIDE Womens World Cup 2021"]
[Site "Sochi"]
[Date "2021.07.19"]
[Round "3.2"]
[White "Lagno, Kateryna"]
[Black "Munguntuul, Batkhuyag"]
[Result "1/2-1/2"]
[ECO "B67"]
[WhiteElo "2559"]
[BlackElo "2428"]
[Annotator "ChessBase"]
[PlyCount "117"]
[EventDate "2021.07.12"]
[EventType "k.o."]
[EventCountry "RUS"]
[SourceTitle "playchess.com"]
[Source "ChessBase"]
[SourceQuality "1"]
[TimeControl "40/5400+30:1800+30"]

1. e4 c5 2. Nf3 Nc6 3. d4 cxd4 4. Nxd4 Nf6 5. Nc3 d6 6. Bg5 e6 7. Qd2 a6 8. O-O-O Bd7 9. f3 Nxd4 10. Qxd4 Be7 11. Kb1 b5 12. h4 Qc7 13. Qd2 b4 14. Ne2 a5 15. g4 h5 16. gxh5 Nxh5 17. Nf4 Rb8 18. Rg1 g6 19. Qd4 Rh7 20. Nxh5 Rxh5 21. Bxe7 Kxe7 22. Rxg6 Re5 23. f4 Rc8 24. Bd3 Qc5 25. Qxc5 Rexc5 26. Rg5 Rh8 27. Rh1 e5 28. fxe5 Rxe5 29. Rxe5+ dxe5 30. Kc1 Bc6 31. Rh2 Rg8 32. h5 Rg1+ 33. Kd2 Kf8 34. h6 Kg8 35. h7+ Kh8 36. Rh5 f6 37. Rh6 Rg2+ 38. Ke3 Rg3+ 39. Kf2 Rg4 40. Rxf6 Bxe4 41. Rf7 Bxd3 42. cxd3 Rh4 43. Ke3 Rh2 44. Rf2 Rxh7 45. Ke4 Rh5 46. b3 Kg7 47. Rc2 Kf7 48. Rc7+ Ke6 49. Rc6+ Kd7 50. Ra6 Rh4+ 51. Kd5 Rd4+ 52. Kxe5 Rxd3 53. Rxa5 Kc6 54. Ke4 Rd2 55. Ke3 Rh2 56. Kd3 Rh3+ 57. Kc4 Rh4+ 58. Kd3 Rh3+ 59. Ke4 1/2-1/2

[Event "FIDE Womens World Cup 2021"]
[Site "Sochi"]
[Date "2021.07.19"]
[Round "3.2"]
[White "Harika, Dronavalli"]
[Black "Gunina, Valentina"]
[Result "1/2-1/2"]
[ECO "B13"]
[WhiteElo "2515"]
[BlackElo "2437"]
[Annotator "ChessBase"]
[PlyCount "155"]
[EventDate "2021.07.12"]
[EventType "k.o."]
[EventCountry "RUS"]
[SourceTitle "playchess.com"]
[Source "ChessBase"]
[SourceQuality "1"]
[TimeControl "40/5400+30:1800+30"]

1. e4 c6 2. d4 d5 3. exd5 cxd5 4. Nf3 Nc6 5. Bb5 Nf6 6. Ne5 Bd7 7. Nxd7 Qxd7 8. c3 e6 9. Nd2 Bd6 10. O-O O-O 11. Re1 Qc7 12. g3 a6 13. Bd3 e5 14. dxe5 Nxe5 15. Nf3 Rfe8 16. Nxe5 Bxe5 17. Qf3 h6 18. Be3 Re7 19. Re2 Rae8 20. Rae1 Qd6 21. Rd1 Qc6 22. Bc2 Bc7 23. Bb3 Re4 24. Red2 Bb6 25. Bxb6 Qxb6 26. Kg2 R4e5 27. Rd4 Re2 28. Rb4 Qa7 29. Bxd5 b5 30. Bc6 R8e5 31. Rd8+ Kh7 32. Qd3+ g6 33. Rf4 Ng4 34. Qd4 Qc7 35. Qd7 Re7 36. Qxc7 Rxc7 37. Rxg4 Rxc6 38. Rf4 Rc7 39. Rb4 Rc5 40. Rd3 a5 41. Rb3 Kg7 42. Rf3 a4 43. Rb4 a3 44. bxa3 Rxa2 45. Rb3 h5 46. h3 Re5 47. g4 Rc5 48. Rf4 hxg4 49. hxg4 Rc2 50. Rf3 Rc4 51. Kg3 Rc1 52. Rxb5 R4xc3 53. Ra5 Rg1+ 54. Kh2 Rcc1 55. Ra7 Rh1+ 56. Kg3 Rhg1+ 57. Kf4 Rc8 58. Ke3 Re8+ 59. Kd2 Rd8+ 60. Kc2 Rc8+ 61. Kb2 Rb8+ 62. Ka2 Rf8 63. Ra4 Rd8 64. Ra7 Rf8 65. Ra4 Rd8 66. Raf4 Rd7 67. Rc3 Rd2+ 68. Kb3 g5 69. Rf5 Rxg4 70. Rc7 Rd3+ 71. Kb2 Kg6 72. Rfxf7 Re4 73. Rg7+ Kh6 74. Rh7+ Kg6 75. Rhg7+ Kh6 76. Rge7 Rxe7 77. Rxe7 Rd2+ 78. Kb3 1/2-1/2

[Event "FIDE Womens World Cup 2021"]
[Site "Sochi"]
[Date "2021.07.19"]
[Round "3.2"]
[White "Khademalsharieh, Sarasadat"]
[Black "Mammadzada, Gunay"]
[Result "1-0"]
[ECO "D11"]
[WhiteElo "2494"]
[BlackElo "2460"]
[Annotator "ChessBase"]
[PlyCount "65"]
[EventDate "2021.07.12"]
[EventType "k.o."]
[EventCountry "RUS"]
[SourceTitle "playchess.com"]
[Source "ChessBase"]
[SourceQuality "1"]
[TimeControl "40/5400+30:1800+30"]

1. d4 d5 2. c4 c6 3. Nf3 Nf6 4. g3 dxc4 5. Bg2 g6 6. O-O Bg7 7. a4 Ne4 8. Nc3 Nd6 9. e4 Bg4 10. Be3 Na6 11. h3 Bxf3 12. Qxf3 Qb6 13. a5 Qd8 14. Qe2 O-O 15. Rfd1 Nc7 16. f4 Qd7 17. Bf2 f5 18. e5 Ndb5 19. Nxb5 cxb5 20. d5 Na6 21. d6 e6 22. Qf3 Rfb8 23. b3 cxb3 24. Qxb3 Rc8 25. Rac1 Kf7 26. Qf3 Rcb8 27. g4 Kg8 28. gxf5 gxf5 29. Rd3 Kh8 30. Rdc3 Qf7 31. Kh1 Qe8 32. Rc7 Nb4 33. Qg3 1-0

[Event "FIDE Womens World Cup 2021"]
[Site "Sochi"]
[Date "2021.07.19"]
[Round "3.2"]
[White "Shuvalova, Polina"]
[Black "Garifullina, Leya"]
[Result "1/2-1/2"]
[ECO "B91"]
[WhiteElo "2489"]
[BlackElo "2390"]
[Annotator "ChessBase"]
[PlyCount "119"]
[EventDate "2021.07.12"]
[EventType "k.o."]
[EventCountry "RUS"]
[SourceTitle "playchess.com"]
[Source "ChessBase"]
[SourceQuality "1"]
[TimeControl "40/5400+30:1800+30"]

1. e4 c5 2. Nf3 d6 3. d4 cxd4 4. Nxd4 Nf6 5. Nc3 a6 6. g3 e5 7. Nb3 Be7 8. Bg2 b5 9. a4 b4 10. Nd5 Nxd5 11. Qxd5 Ra7 12. Be3 Be6 13. Qd3 Rb7 14. O-O a5 15. f4 f6 16. fxe5 fxe5 17. Rad1 Qc7 18. Nd2 Nd7 19. b3 Nf6 20. h3 O-O 21. Nf3 Rbb8 22. Rf2 Rbc8 23. Ng5 Bd7 24. Rxf6 gxf6 25. Qd5+ Kg7 26. Ne6+ Bxe6 27. Qxe6 Qd8 28. Bf1 Rxc2 29. g4 Rc3 30. Bd2 Rc7 31. Bc4 Qc8 32. Qd5 Rxc4 33. bxc4 Qc5+ 34. Qxc5 dxc5 35. Be3 Rb8 36. Kf2 b3 37. Rb1 Rb4 38. Ke2 Rxc4 39. Rxb3 Rxa4 40. Rb7 Kf8 41. Ra7 Rxe4 42. Rxa5 Rc4 43. Kd3 Rb4 44. Rxc5 h5 45. Rc4 hxg4 46. Rxb4 Bxb4 47. hxg4 Kf7 48. Ke4 Ke6 49. Bc1 Be1 50. Be3 Bh4 51. Bd2 Bg5 52. Be1 Kd6 53. Bg3 Ke6 54. Be1 Bh6 55. Bh4 Bf8 56. Bg3 Bd6 57. Bh4 Kf7 58. Kf5 Be7 59. Bg3 Bf8 60. Bxe5 1/2-1/2

[Event "FIDE Womens World Cup 2021"]
[Site "Sochi"]
[Date "2021.07.19"]
[Round "3.2"]
[White "Saduakassova, Dinara"]
[Black "Danielian, Elina"]
[Result "1-0"]
[ECO "A05"]
[WhiteElo "2483"]
[BlackElo "2407"]
[Annotator "ChessBase"]
[PlyCount "112"]
[EventDate "2021.07.12"]
[EventType "k.o."]
[EventCountry "RUS"]
[SourceTitle "playchess.com"]
[Source "ChessBase"]
[SourceQuality "1"]
[TimeControl "40/5400+30:1800+30"]

1. Nf3 Nf6 2. g3 d5 3. Bg2 c6 4. O-O Bf5 5. d3 Nbd7 6. Nbd2 e5 7. e4 dxe4 8. dxe4 Bg6 9. Qe1 Bc5 10. Nc4 Qe7 11. Nh4 O-O 12. Bd2 Qe6 13. b3 b5 14. Nb2 Bd4 15. c3 Bb6 16. Kh1 Rfe8 17. Qe2 Rad8 18. Rad1 Nc5 19. f3 Qe7 20. Be3 Ne6 21. Nd3 Nd7 22. Nb4 Nb8 23. Bh3 Nc5 24. Rxd8 Rxd8 25. Rd1 Rd6 26. Kg2 Qd8 27. Rxd6 Qxd6 28. Bf5 a5 29. Nd3 Nba6 30. Bc8 Nxd3 31. Bxb6 Nac5 32. Qe3 a4 33. Bxc5 Nxc5 34. b4 Nd3 35. Bb7 f6 36. Bxc6 Nb2 37. Bd5+ Bf7 38. Nf5 Qc7 39. Qc5 Qd7 40. Nd6 Bxd5 41. Qxd5+ Kf8 42. Nxb5 Qxd5 43. exd5 Ke7 44. Kf2 h5 45. Ke2 f5 46. Na3 Kd6 47. c4 e4 48. fxe4 fxe4 49. Nb5+ Ke5 50. d6 Ke6 51. c5 Nc4 52. c6 a3 53. Kf2 g5 54. h3 g4 55. h4 Nb6 56. Ke3 Kd5 1-0

[Event "FIDE Womens World Cup 2021"]
[Site "Sochi"]
[Date "2021.07.19"]
[Round "3.2"]
[White "Kosteniuk, Alexandra"]
[Black "Cramling, Pia"]
[Result "1/2-1/2"]
[ECO "B51"]
[WhiteElo "2472"]
[BlackElo "2459"]
[Annotator "ChessBase"]
[PlyCount "66"]
[EventDate "2021.07.12"]
[EventType "k.o."]
[EventCountry "RUS"]
[SourceTitle "playchess.com"]
[Source "ChessBase"]
[SourceQuality "1"]
[TimeControl "40/5400+30:1800+30"]

1. e4 c5 2. Nf3 d6 3. Bb5+ Nd7 4. Ba4 Ngf6 5. O-O g6 6. Re1 Bg7 7. c3 O-O 8. d4 Nb6 9. Bc2 cxd4 10. cxd4 Bg4 11. Nbd2 d5 12. e5 Ne8 13. h3 Bxf3 14. Nxf3 Nc7 15. a4 Nc4 16. h4 Ne6 17. Ng5 Nxg5 18. hxg5 f6 19. b3 Na5 20. gxf6 exf6 21. Ba3 Re8 22. Bd6 Nc6 23. Qf3 fxe5 24. Qxd5+ Kh8 25. dxe5 Nxe5 26. Rad1 Nc6 27. Re4 Rc8 28. Qf7 Rxe4 29. Bxe4 Nd4 30. Qxb7 Rc3 31. Qb8 Rc8 32. Qb7 Rc3 33. Qb8 Rc8 1/2-1/2

[Event "FIDE Womens World Cup 2021"]
[Site "Sochi"]
[Date "2021.07.19"]
[Round "3.2"]
[White "Khotenashvili, Bela"]
[Black "Assaubayeva, Bibisara"]
[Result "1/2-1/2"]
[ECO "A40"]
[WhiteElo "2471"]
[BlackElo "2389"]
[Annotator "ChessBase"]
[PlyCount "120"]
[EventDate "2021.07.12"]
[EventType "k.o."]
[EventCountry "RUS"]
[SourceTitle "playchess.com"]
[Source "ChessBase"]
[SourceQuality "1"]
[TimeControl "40/5400+30:1800+30"]

1. d4 g6 2. c4 Bg7 3. g3 d6 4. Nc3 Nc6 5. Nf3 Bd7 6. Bg2 Qc8 7. O-O Bh3 8. e4 h5 9. Bxh3 Qxh3 10. Nd5 Qd7 11. h4 e6 12. Nc3 Nf6 13. d5 exd5 14. cxd5 Ne7 15. Bf4 O-O 16. Rc1 Ng4 17. Qb3 c5 18. dxc6 Nxc6 19. Rfd1 Nce5 20. Nxe5 Bxe5 21. Bxe5 Nxe5 22. Nd5 Kg7 23. Rc7 Qg4 24. f4 Nc6 25. Rd2 Rac8 26. Qc3+ Kh6 27. Qe3 Rxc7 28. Nxc7 Kh7 29. Rxd6 Rd8 30. Rxd8 Nxd8 31. Qd3 Qc8 32. Qc3 Qg4 33. Ne8 Qd1+ 34. Kf2 Ne6 35. Nf6+ Kh6 36. Ng4+ Kh7 37. Ne3 Qb1 38. Nd5 Qd1 39. Nf6+ Kh6 40. Ng4+ Kh7 41. Ne3 Qb1 42. f5 Ng7 43. fxg6+ Kxg6 44. Qc2 Qxa2 45. e5+ f5 46. exf6+ Kxf6 47. Qc3+ Kg6 48. Qd3+ Kh6 49. Nc4 b5 50. Qd2+ Kh7 51. Nd6 Qe6 52. Qd3+ Kg8 53. Ne4 Qf5+ 54. Ke3 Qe5 55. Qd8+ Kh7 56. b4 Nf5+ 57. Kd3 Nxg3 58. Ng5+ Kg6 59. Qg8+ Kf5 60. Qc8+ Kf4 1/2-1/2

[Event "FIDE Womens World Cup 2021"]
[Site "Sochi"]
[Date "2021.07.19"]
[Round "3.2"]
[White "Paehtz, Elisabeth"]
[Black "Mammadova, Gulnar"]
[Result "1-0"]
[ECO "C44"]
[WhiteElo "2466"]
[BlackElo "2385"]
[Annotator "ChessBase"]
[PlyCount "131"]
[EventDate "2021.07.12"]
[EventType "k.o."]
[EventCountry "RUS"]
[SourceTitle "playchess.com"]
[Source "ChessBase"]
[SourceQuality "1"]
[TimeControl "40/5400+30:1800+30"]

1. e4 e5 2. Nf3 Nc6 3. d4 exd4 4. Nxd4 Nf6 5. Nxc6 bxc6 6. Bd3 d5 7. Qe2 dxe4 8. Nc3 Bb4 9. Bxe4 Bxc3+ 10. bxc3 Nxe4 11. Qxe4+ Qe7 12. Qxe7+ Kxe7 13. Bf4 Bf5 14. O-O-O Rhc8 15. Rhe1+ Be6 16. Rd4 Kf8 17. Ra4 a6 18. g3 Ra7 19. Be3 Raa8 20. c4 f6 21. Kb2 Rcb8+ 22. Kc3 Kf7 23. Ra5 Re8 24. Rc5 Bd7 25. Rd1 Re7 26. Rb1 g5 27. Ra5 Bc8 28. Rh1 Kg6 29. h4 g4 30. Rd1 Be6 31. Re1 Bd7 32. Rd1 Be6 33. Bf4 Kf7 34. Rc5 Bd7 35. Bxc7 Be8 36. Bf4 a5 37. Be3 a4 38. a3 Re4 39. Rf5 Ke6 40. Rf4 Bg6 41. Rxe4+ Bxe4 42. Bf4 h5 43. Rd4 Bf3 44. Kb4 Ra7 45. Rd8 Be4 46. Kc3 Ke7 47. Rh8 Bg6 48. Be3 Rb7 49. Ra8 Rb1 50. Rxa4 Ra1 51. Kb2 Re1 52. Ra7+ Ke8 53. Rc7 Re2 54. Rxc6 Rxc2+ 55. Kb3 Re2 56. Rxf6 Bf7 57. a4 Re1 58. a5 Rb1+ 59. Kc3 Ra1 60. a6 Ke7 61. Rb6 Be8 62. Rh6 Bf7 63. a7 Be8 64. Kb2 Ra4 65. Kb3 Ra1 66. Bc5+ 1-0

[Event "FIDE Womens World Cup 2021"]
[Site "Sochi"]
[Date "2021.07.19"]
[Round "3.2"]
[White "Stefanova, Antoaneta"]
[Black "Pogonina, Natalija"]
[Result "1-0"]
[ECO "C26"]
[WhiteElo "2463"]
[BlackElo "2469"]
[Annotator "ChessBase"]
[PlyCount "105"]
[EventDate "2021.07.12"]
[EventType "k.o."]
[EventCountry "RUS"]
[SourceTitle "playchess.com"]
[Source "ChessBase"]
[SourceQuality "1"]
[TimeControl "40/5400+30:1800+30"]

1. e4 e5 2. Nc3 Nf6 3. d4 exd4 4. Qxd4 Nc6 5. Qd3 Bb4 6. Bd2 O-O 7. O-O-O Re8 8. Nge2 Bf8 9. f4 d6 10. h3 a5 11. g4 a4 12. a3 b5 13. Qxb5 Na5 14. Ng3 Bb7 15. Nd5 Bc6 16. Qd3 Nd7 17. Bb4 Bb7 18. Qd2 c6 19. Ne3 c5 20. Bc3 Nc6 21. Nef5 Nd4 22. Nxd4 cxd4 23. Qxd4 Nc5 24. Bg2 Qc7 25. Rhe1 Ne6 26. Qe3 Rac8 27. f5 Nc5 28. Qd4 d5 29. Nh5 dxe4 30. Nf6+ Kh8 31. Nxe8 Rxe8 32. Kb1 Kg8 33. Bf1 Rc8 34. Bb5 Qb6 35. Bc4 Qc7 36. Ba2 h6 37. h4 Qf4 38. Rg1 Rc7 39. Qd8 e3 40. Rdf1 Qh2 41. Bxg7 Rc8 42. Qf6 Nb3 43. Bxb3 axb3 44. Bxf8 bxc2+ 45. Ka1 Rxf8 46. g5 h5 47. g6 Bg2 48. Rc1 e2 49. Qg5 Bf1 50. gxf7+ Kxf7 51. Qg6+ Ke7 52. Qe6+ Kd8 53. Rg7 1-0

[Event "FIDE Womens World Cup 2021"]
[Site "Sochi"]
[Date "2021.07.19"]
[Round "3.2"]
[White "Galliamova, Alisa"]
[Black "Kashlinskaya, Alina"]
[Result "1/2-1/2"]
[ECO "A01"]
[WhiteElo "2442"]
[BlackElo "2488"]
[Annotator "ChessBase"]
[PlyCount "133"]
[EventDate "2021.07.12"]
[EventType "k.o."]
[EventCountry "RUS"]
[SourceTitle "playchess.com"]
[Source "ChessBase"]
[SourceQuality "1"]
[TimeControl "40/5400+30:1800+30"]

1. b3 d5 2. Bb2 Bg4 3. Nf3 Nd7 4. e3 e6 5. h3 Bh5 6. d3 a5 7. Nc3 c6 8. g4 Bg6 9. Ne2 a4 10. Bg2 Ngf6 11. O-O a3 12. Bc3 Bd6 13. Rb1 e5 14. Ng3 h5 15. Nf5 Bxf5 16. gxf5 Qe7 17. Qe2 h4 18. Nh2 O-O-O 19. b4 Rdg8 20. b5 c5 21. Kh1 g6 22. fxg6 Rxg6 23. Rg1 Rhg8 24. Bf3 Qe6 25. Rxg6 Rxg6 26. Bg2 e4 27. Rg1 d4 28. Bd2 dxe3 29. Qxe3 Ne5 30. Bc1 Qxa2 31. dxe4 Qxc2 32. Qxa3 Nxe4 33. Be3 Nc4 34. Qa8+ Bb8 35. Rc1 Nxf2+ 36. Bxf2 Qxc1+ 37. Nf1 Rxg2 38. Kxg2 Qg5+ 39. Kh1 Qd5+ 40. Kg1 Qg5+ 41. Kh1 Nd2 42. Nxd2 Qxd2 43. Kg1 Qd1+ 44. Kg2 Qd5+ 45. Kg1 Qf3 46. Bxh4 Qf4 47. Bf2 Qh2+ 48. Kf1 Qxh3+ 49. Kg1 Qg4+ 50. Kh1 Qh3+ 51. Kg1 f6 52. b6 c4 53. Bc5 Qg3+ 54. Kf1 Qd3+ 55. Kg1 Qd1+ 56. Kf2 Qd2+ 57. Kf1 Qd1+ 58. Kf2 c3 59. Qa3 Qd2+ 60. Kf3 Qf4+ 61. Ke2 Qc4+ 62. Kf2 Kd7 63. Be3 c2 64. Qa8 Kc8 65. Qa3 Kd7 66. Qa8 Kc8 67. Qa3 1/2-1/2